 Dungeon Crawl Stone Soup version 0.26-a0-1033-gd598b01645 (webtiles) character file.

Game seed: 794994033229566494

826 Morbidden the Conjurer (level 7, -1/51 HPs)
             Began as a Demonspawn Conjurer on Dec 10, 2020.
             Was an Initiate of Vehumet.
             Slain by Duvessa
             ... wielding a +0 short sword of speed
              (10 damage)
             ... on level 6 of the Dungeon.
             The game lasted 00:04:13 (3959 turns).

Morbidden the Conjurer (Demonspawn Conjurer)        Turns: 3959, Time: 00:04:14

Health: -1/51      AC:  3    Str:  8    XL:     7   Next: 64%
Magic:  5/13       EV: 13    Int: 21    God:    Vehumet [......]
Gold:   180        SH:  0    Dex: 11    Spells: 11/14 levels left

rFire    + . .     SeeInvis .   c - +2 dagger (venom)
rCold    + . .     Faith    .   (no shield)
rNeg     . . .     Spirit   .   a - +0 robe
rPois    .         Reflect  .   (helmet restricted)
rElec    .         Harm     .   (no cloak)
rCorr    .         Rampage  .   (no gloves)
Will     .....                  f - +0 pair of boots
Stlth    ++........             (no amulet)
HPRegen  0.17/turn              j - ring of protection from fire
MPRegen  0.13/turn              (no ring)

@: no status effects
A: horns 1, cold resistance 1, rot immunity
a: Renounce Religion


You were on level 6 of the Dungeon.
You worshipped Vehumet.
Vehumet was noncommittal.
You visited 2 branches of the dungeon, and saw 6 of its levels.

You collected 180 gold pieces.

Inventory:

Hand Weapons
 c - a +2 dagger of venom (weapon)
Missiles
 e - 4 boomerangs (quivered)
Armour
 a - a +0 robe (worn)
 f - a +0 pair of boots (worn)
Jewellery
 j - a ring of protection from fire (left hand)
 l - an uncursed amulet of the acrobat {unknown}
Wands
 n - a wand of digging (5)
Scrolls
 g - 2 scrolls of identify
 i - a scroll of teleportation
 k - 2 scrolls of fog
 o - a scroll of remove curse {unknown}
Potions
 b - 5 potions of curing
 d - a potion of might {unknown}
 h - a potion of heal wounds
 m - a potion of attraction {unknown}


   Skills:
 * Level 2.7 Fighting
 + Level 1.3 Short Blades
 * Level 3.7 Dodging
 + Level 2.4 Stealth
 * Level 4.3 Spellcasting
 * Level 6.5 Conjurations


You had 11 spell levels left.
You knew the following spells:

 Your Spells              Type           Power        Failure   Level
a - Magic Dart            Conj           ####         1%          1
b - Searing Ray           Conj           ####..       1%          2

Your spell library contained the following spells:

 Spells                   Type           Power        Failure   Level
 Dazzling Flash           Conj/Hex       ###...       9%          3
 Fulminant Prism          Conj/Hex       ###.......   30%         4
 Iskenderun's Mystic Bla  Conj/Tloc      ###.....     30%         4


Dungeon Overview and Level Annotations

Branches:
Dungeon (6/15)             Temple (1/1) D:6

Altars:
Ashenzari
Cheibriados
Dithmenos
Elyvilon
Fedhas
Gozag
Hepliaklqana
Kikubaaqudgha
Nemelex Xobeh
Okawaru
Qazlal
Ru
Trog
Uskayaw
Vehumet
Wu Jian
Xom
Yredelemnul
The Shining One

Annotations:
D:6 Duvessa


Innate Abilities, Weirdness & Mutations

You have a pair of small horns on your head.
Your flesh is cold resistant. (rC+)
You are immune to rotting.


Message History

Unknown command.
Casting: Searing Ray (safe; 1% risk of failure)
Confirm with . or Enter, or press ? or * to list all spells.
Aiming: Searing Ray (safe; 1% risk of failure)
Press: ? - help, Shift-Dir - straight line, f - Duvessa
Aim: Duvessa, wielding a +0 short sword of speed and wearing a +0 leather armour (lightly wounded, berserk, fast, 18% to evade)
The searing ray hits Duvessa!
Duvessa is moderately wounded. (Press . to maintain the ray.) Duvessa hits you with a +0 short sword of speed. x2
The searing ray hits Duvessa.
Duvessa is heavily wounded.
Duvessa hits you with a +0 short sword of speed!
* * * LOW HITPOINT WARNING * * *
Duvessa hits you with a +0 short sword of speed.
* * * LOW HITPOINT WARNING * * *
The searing ray hits Duvessa.
Duvessa is heavily wounded.
Duvessa hits you with a +0 short sword of speed!
You die...

#.###..###.....##
#.###............
#.##....#........
#.†.....#........
#.......#........
#.......#........
#.#.....##.†.....
####.......###......
#..@#......##.....##
#...e...............#
#.....................
#....)................
#.....................
##....................
##...#...............
######.>...#...#...#
#############


You could see Duvessa (berserk, fast).

Vanquished Creatures
  Sigmund (D:2)
  A water moccasin (D:6)
  A black bear (D:6)
  2 centaurs
  A bullfrog (D:6)
  Dowan (D:6)
  3 hounds (D:6)
  Robin (D:2)
  A gnoll (D:5)
  2 adders
  A white imp (D:5)
  An ooze (D:6)
  3 worms
  2 dart slugs (D:1)
  A leopard gecko (D:1)
  An orc (D:5)
  4 bats (D:1)
  A giant cockroach (D:3)
  13 goblins
  9 hobgoblins
  3 jackals (D:1)
  A quokka (D:5)
  A frilled lizard (D:1)
  7 kobolds (D:1)
  A quokka skeleton (D:6)
  A quokka zombie (D:6)
  5 rats
69 creatures vanquished.

Vanquished Creatures (others)
  9 plants (D:3)
9 creatures vanquished.

Grand Total: 78 creatures vanquished

Notes
Turn   | Place    | Note
-------+----------+-------------------------------------------
     0 | D:1      | Morbidden the Demonspawn Conjurer began the quest for the
                  | Orb.
     0 | D:1      | Reached XP level 1. HP: 13/13 MP: 3/3
   251 | D:1      | Gained mutation: Your flesh is cold resistant. (rC+)
                  | [demonic ancestry]
   251 | D:1      | Reached XP level 2. HP: 19/19 MP: 3/5
   505 | D:1      | Learned a level 2 spell: Searing Ray
   590 | D:1      | Reached XP level 3. HP: 25/25 MP: 1/6
   945 | D:2      | Found an opulent altar of Gozag.
   951 | D:2      | Noticed Sigmund
   961 | D:2      | Killed Sigmund
   962 | D:2      | Reached skill level 1 in Fighting
   962 | D:2      | Reached skill level 1 in Short Blades
   962 | D:2      | Reached skill level 5 in Conjurations
   962 | D:2      | Reached XP level 4. HP: 23/32 MP: 1/8
   962 | D:2      | Gained mutation: You have a pair of small horns on your
                  | head. [demonic ancestry]
   962 | D:2      | Reached XP level 5. HP: 26/37 MP: 1/9
  1245 | D:2      | Found a sacrificial altar of Ru.
  1358 | D:2      | Noticed Robin
  1385 | D:2      | Killed Robin
  1655 | D:2      | Found an ornate altar of the Wu Jian Council.
  2184 | D:2      | Found an iron altar of Okawaru.
  2271 | D:3      | Found a white marble altar of Elyvilon.
  2399 | D:3      | You fall into a shaft and drop 2 floors!
  2399 | D:5      | Entered Level 5 of the Dungeon
  2424 | D:5      | Noticed a centaur
  2431 | D:5      | Killed a centaur
  2432 | D:5      | Reached XP level 6. HP: 17/44 MP: 3/10
  2477 | D:6      | Noticed a water moccasin
  2485 | D:6      | Found a staircase to the Ecumenical Temple.
  2488 | Temple   | Entered the Ecumenical Temple
  2736 | Temple   | Became a worshipper of Vehumet
  2797 | D:6      | Killed a water moccasin
  2798 | D:6      | Reached skill level 6 in Conjurations
  3097 | D:6      | Gained mutation: You are immune to rotting. [demonic
                  | ancestry]
  3097 | D:6      | Reached XP level 7. HP: 27/50 MP: 6/12
  3948 | D:6      | Noticed Duvessa
  3949 | D:6      | Noticed Dowan
  3953 | D:6      | Killed Dowan
  3959 | D:6      | Slain by Duvessa

Illustrated notes

Levels and vault maps discovered:
D:1:      minmay_arrival_up_and_down, layout_rooms
D:2:      layout_loops_ring, lemuel_round_altar, lemuel_coloured_pillars_altar,
          nicolae_overflow_hidden_temple, overflow_temple_1_default, uniq_robin,
          uniq_sigmund
D:3:      cheibrodos_helix_gallery, layout_rooms, elyvilon_altar_5,
          serial_bayou_pond_b
D:5:      layout_basic, led_sif_pool, uniq_prince_ribbit1, uniq_grinder,
          uniq_blork_the_orc
D:6:      minmay_general_purpose_star, layout_rooms, minmay_temple_entry_glass,
          interstate_on_off, uniq_duvessa
Temple:   zaba_magenta_temple

Skill      XL: |  1  2  3  4  5  6  7 |
---------------+----------------------+-----
Fighting       | 1 2 |  2.7
Short Blades   | 1 |  1.3
Dodging        | 2 3 |  3.7
Stealth        | 2 |  2.4
Conjurations   | 5 6 |  6.5
Spellcasting   | 3 4 |  4.3

Action                   |  1- 3 |  4- 6 |  7- 9 || total
-------------------------+-------+-------+-------++-------
Melee: Dagger            |    56 |    38 |    13 ||   107
       Headbutt          |       |     2 |     3 ||     5
 Cast: Magic Dart        |    24 |    24 |     8 ||    56
       Searing Ray       |     1 |    11 |     7 ||    19
  Use: Scroll            |       |     3 |       ||     3
       Potion            |       |     2 |       ||     2
 Stab: Sleeping          |       |     1 |       ||     1
Armor: Robe              |     9 |     7 |     5 ||    21
Dodge: Dodged            |    45 |    31 |    15 ||    91

Table legend: (Time is in decaauts)
 A = Elapsed time spent in this place.
 B = Non-inter-level travel time spent in this place.
 C = Inter-level travel time spent in this place.
 D = Time resting spent in this place.
 E = Time spent auto-exploring this place.
 F = Levels seen in this place.
 G = Mean time per level.
                   A        B        C        D        E       F      G
               +--------+--------+--------+--------+--------+-----+--------+
         Total |   3955 |   3849 |    106 |    315 |   3029 |   6 |  659.2 |
       Dungeon |   3689 |   3583 |    106 |    258 |   2841 |   5 |  737.8 |
        Temple |    265 |    265 |      0 |     57 |    188 |   1 |  265.0 |
               +--------+--------+--------+--------+--------+-----+--------+

Top non-repeatable levels by time:
     D:2: 1336 daAuts
     D:6: 1215 daAuts
     D:1: 932 daAuts
  Temple: 265 daAuts
     D:3: 128 daAuts
     D:5: 77 daAuts
